 Dungeon Crawl Stone Soup version 0.26.1-2-gb8aa6d0cf2 (webtiles) character file.

Game seed: 6008317844434438785

78 H0rd4k the Charlatan (level 4, -9/32 HPs)
             Began as a Human Artificer on Feb 17, 2021.
             Splashed by an orc priest's acid (11 damage)
             ... on level 3 of the Dungeon.
             The game lasted 00:02:38 (3665 turns).

H0rd4k the Charlatan (Human Artificer)              Turns: 3665, Time: 00:02:38

Health: -9/32      AC:  0    Str: 13    XL:     4   Next: 61%
Magic:  4/4        EV: 12    Int: 12    God:
Gold:   126        SH:  0    Dex: 13    Spells: 3/3 levels left

rFire    . . .     SeeInvis .   n - +0 dagger
rCold    . . .     Faith    .   (no shield)
rNeg     . . .     Spirit   .   b - +0 leather armour
rPois    .         Reflect  .   w - +0 helmet
rElec    .         Harm     .   (no cloak)
rCorr    .         Rampage  .   (no gloves)
Will     .....                  (no boots)
Stlth    ++........             (no amulet)
HPRegen  0.10/turn              (no ring)
MPRegen  0.09/turn              (no ring)

@: corroded
A: no striking features
a: no special abilities


You were on level 3 of the Dungeon.
You visited 1 branch of the dungeon, and saw 3 of its levels.

You collected 126 gold pieces.

Inventory:

Hand Weapons
 n - a +0 dagger (weapon)
 x - a +0 hunting sling
Missiles
 o - 13 poisoned darts (quivered)
Armour
 b - a +0 leather armour (worn)
 w - a +0 helmet (worn)
Jewellery
 p - an uncursed ring of protection from cold {unknown}
Wands
 c - a wand of flame (8)
 d - a wand of enslavement (13)
 e - a wand of random effects (15)
Scrolls
 a - a scroll of magic mapping {unknown}
 f - 3 scrolls of identify {unknown}
 g - a scroll of fear {unknown}
 i - a scroll of teleportation {unknown}
 q - a scroll of remove curse {unknown}
 s - a scroll of amnesia {unknown}
 t - a scroll of blinking {unknown}
 v - a scroll of fog {unknown}
Potions
 h - 3 potions of heal wounds {unknown}
 j - a potion of haste {unknown}
 k - a potion of flight {unknown}
 l - a potion of magic {unknown}
 m - a potion of cancellation {unknown}
 r - a potion of attraction {unknown}
 u - a potion of curing {unknown}


   Skills:
 + Level 1.3 Fighting
 + Level 0.3 Short Blades
 + Level 0.1 Throwing
 + Level 2.7 Armour
 + Level 2.4 Dodging
 + Level 1.6 Stealth
 + Level 3.4 Evocations


You had 3 spell levels left.
You didn't know any spells.
Your spell library was empty.

Dungeon Overview and Level Annotations

Branches:
Dungeon (3/15)

Altars:
Cheibriados
Okawaru
Trog

Annotations:
D:1 exclusion: downstairs


Message History

An orc comes into view. It is wielding a +0 hand axe.
An orc is nearby!
An orc is nearby!
An orc is nearby!
You see here a worm corpse.
An orc priest comes into view.
It is wielding a +0 trident and carrying a wand of acid (9).
The orc priest shouts!
You hit the orc but do no damage. You barely miss the orc.
The orc hits you with a +0 hand axe.
You hit the orc.
The orc is moderately wounded.
The orc closely misses you.
The orc priest zaps a wand.
The bolt of acid hits the orc!
The orc is splashed with acid.
The acid corrodes the orc!
The orc dies!
The bolt of acid hits you!!
Ouch! That really hurt!
* * * LOW HITPOINT WARNING * * *
The acid corrodes you!
You are splashed with acid!
You die...

#...# ##.##...#
#..w..((# #..##.#o#
#.#(# #.#(# ..#.#
###)# #@# #.# #†# ##
#.# .. #.# ###.# #.#
....# #.#####..####
#...........#
#.######.#..##.######


You could see an orc priest.

Vanquished Creatures
  4 adders
  2 worms
  4 leopard geckos
  5 bats (D:1)
  4 giant cockroaches
  2 goblins (D:1)
  5 hobgoblins
  A kobold (D:3)
  A ball python (D:2)
  3 frilled lizards
  A rat (D:2)
32 creatures vanquished.

Vanquished Creatures (collateral kills)
  A bat (D:2)
1 creature vanquished.

Vanquished Creatures (others)
  An orc (D:3)
1 creature vanquished.

Grand Total: 34 creatures vanquished

Notes
Turn   | Place    | Note
-------+----------+-------------------------------------------
     0 | D:1      | H0rd4k the Human Artificer began the quest for the Orb.
     0 | D:1      | Reached XP level 1. HP: 15/15 MP: 1/1
   571 | D:1      | Reached XP level 2. HP: 20/21 MP: 2/2
  1314 | D:2      | Reached XP level 3. HP: 11/26 MP: 3/3
  2612 | D:2      | Reached XP level 4. HP: 25/32 MP: 4/4
  2982 | D:2      | Found a snail-covered altar of Cheibriados.
  2985 | D:2      | Found a bloodstained altar of Trog.
  2989 | D:2      | Found an iron altar of Okawaru.
  3665 | D:3      | Splashed by an orc priest's acid

Illustrated notes

Levels and vault maps discovered:
D:1:      dpeg_arrival_fog, layout_loops_corners
D:2:      layout_loops_ring, grunt_temple_overflow_diamond, minmay_ruptured
D:3:      layout_basic

Skill      XL: |  1  2  3 |
---------------+----------+-----
Dodging        | 2 |  2.4
Fighting       | |  1.3
Short Blades   | |  0.3
Throwing       | |  0.1
Armour         | |  2.7
Stealth        | |  1.6
Evocations     | |  3.4

Action                   |  1- 3 |  4- 6 || total
-------------------------+-------+-------++-------
Melee: Club              |    79 |       ||    79
       Dagger            |    89 |    50 ||   139
Throw: Dart              |     3 |    17 ||    20
Evoke: Wand              |     7 |     2 ||     9
 Stab: Sleeping          |     2 |       ||     2
Armor: Leather armour    |    60 |     5 ||    65
Dodge: Dodged            |   135 |    30 ||   165
